 Dungeon Crawl Stone Soup version 0.26-a0-466-g989023bd0d (webtiles) character file.

Game seed: 2031589891927458717

657 HoaS the Grappler (level 7, 0/40 HPs)
             Began as a Gargoyle Gladiator on Aug 1, 2020.
             Was a Follower of Makhleb.
             Slain by Pikel
             ... wielding a +0 whip of flaming
              (4 damage)
             ... on level 5 of the Dungeon.
             The game lasted 00:09:44 (4068 turns).

HoaS the Grappler (Gargoyle Gladiator)              Turns: 4068, Time: 00:09:44

Health: 0/40       AC:  0    Str: 19    XL:     7   Next: 55%
Magic:  7/7        EV: 14    Int:  9    God:    Makhleb [*.....]
Gold:   268        SH:  0    Dex: 11    Spells: 6/6 levels left

rFire    . . .     SeeInvis .     - Unarmed
rCold    . . .     Faith    .   (shield currently unavailable)
rNeg     + . .     Spirit   .   (armour currently unavailable)
rPois    ∞         Reflect  .   (helmet currently unavailable)
rElec    .         Harm     .   (cloak currently unavailable)
rCorr    .                      (gloves currently unavailable)
MR       .....                  (boots currently unavailable)
Stlth    +.........             (no amulet)
HPRegen  0.13/turn              (ring currently unavailable)
MPRegen  0.10/turn              (ring currently unavailable)

@: pig-form, very quick
A: small, negative energy resistance 1, petrification resistance, rot immunity,
AC +4
a: Renounce Religion


You were on level 5 of the Dungeon.
You worshipped Makhleb.
Makhleb was aware of your devotion.
You were a filthy swine.
You visited 1 branch of the dungeon, and saw 5 of its levels.

You collected 268 gold pieces.

Inventory:

Missiles
 c - 2 throwing nets (quivered)
Armour
 b - a +0 helmet (melded)
 l - a +0 scale mail (melded)
 m - a +1 cloak (melded)
Jewellery
 o - an uncursed ring of stealth {unknown}
Wands
 h - a wand of flame (17)
Scrolls
 f - 2 scrolls of identify
 g - 3 scrolls of fear
 j - 2 scrolls of blinking
 p - a scroll of noise {unknown}
 q - a scroll of remove curse
Potions
 a - 2 potions of might {unknown}
 d - a potion of resistance
 e - a potion of curing {unknown}
 i - a potion of degeneration {unknown}
 k - a potion of ambrosia {unknown}
 n - a potion of magic {unknown}
 r - a potion of heal wounds {unknown}


   Skills:
 - Level 2.1 Fighting
 - Level 1.7 Throwing
 - Level 2.4 Dodging
 + Level 8.6 Unarmed Combat


You had 6 spell levels left.
You didn't know any spells.
Your spell library was empty.

Dungeon Overview and Level Annotations

Branches:
Dungeon (5/15)
 Temple: D:4-7

Altars:
Fedhas
Hepliaklqana
Makhleb
Ru

Annotations:
D:5 Pikel


Innate Abilities, Weirdness & Mutations

You are resistant to torment.
((Your stone body is resilient. (AC +4)))
You are immune to poison.
You resist negative energy. (rN+)
((You are resistant to electric shocks. (rElec)))
((You can survive without breathing.))
You are immune to petrification.
You are immune to rotting.


Message History

You closely miss Pikel.
Pikel is severely wounded.
Pikel hits you with a +0 whip of flaming.
Pikel burns you. The lemure misses you.
You hit Pikel.
Pikel is severely wounded.
Pikel closely misses you. The lemure misses you.
You hit Pikel.
Pikel is almost dead.
Pikel barely misses you.
You hit Pikel.
Pikel is almost dead.
Pikel closely misses you. The lemure completely misses you.
You barely miss Pikel.
Pikel is almost dead.
The lemure hits you!
Pikel hits you with a +0 whip of flaming!
* * * LOW HITPOINT WARNING * * *
Pikel burns you.
You die...

#..# #.# #####(.####.###
#..............
#.###..####.### ##.##...#
##.### #.......# #.....
###....)..# #....#
#55.......###....#
#h#......†.......#
##K#...............
#55................
..5K...).#...............
######...######.####....#
#...# #.# #....# #...#
#.# .....# #...# #. #####
#....


You could see Pikel and 4 lemures.

Vanquished Creatures
  Sigmund (D:3)
  A phantom (D:4)
  A crimson imp (D:2)
  An orc wizard (D:3)
  A centaur skeleton (D:4)
  Natasha (thrice) (D:3)
  2 worker ants (D:4)
  9 adders
  An ooze (D:2)
  An adder skeleton (D:5)
  6 worms
  4 leopard geckos
  9 orcs
  7 bats
  3 giant cockroaches
  4 goblins
  8 hobgoblins
  13 jackals
  A quokka (D:3)
  2 ball pythons
  4 frilled lizards
  A jackal skeleton (D:4)
  7 kobolds
  A quokka skeleton (D:4)
  8 rats
99 creatures vanquished.

Notes
Turn   | Place    | Note
-------+----------+-------------------------------------------
     0 | D:1      | HoaS the Gargoyle Gladiator began the quest for the Orb.
     0 | D:1      | Reached XP level 1. HP: 12/12 MP: 1/1
   344 | D:1      | Reached XP level 2. HP: 17/17 MP: 2/2
  1560 | D:2      | Reached skill level 4 in Unarmed Combat
  1579 | D:2      | Reached XP level 3. HP: 15/21 MP: 3/3
  1960 | D:2      | Reached XP level 4. HP: 26/26 MP: 4/4
  2028 | D:2      | Found a burning altar of Makhleb.
  2036 | D:2      | Reached skill level 5 in Unarmed Combat
  2041 | D:2      | Became a worshipper of Makhleb the Destroyer
  2320 | D:3      | Found a blossoming altar of Fedhas.
  2360 | D:3      | Noticed Sigmund
  2371 | D:3      | Killed Sigmund
  2371 | D:3      | Reached skill level 6 in Unarmed Combat
  2371 | D:3      | Reached XP level 5. HP: 24/30 MP: 5/5
  2371 | D:3      | Reached XP level 6. HP: 28/35 MP: 6/6
  2558 | D:3      | Noticed Natasha
  2603 | D:3      | Killed Natasha
  2603 | D:3      | Reached skill level 7 in Unarmed Combat
  2755 | D:3      | Reached * piety under Makhleb
  2882 | D:3      | Found a hazy altar of Hepliaklqana.
  3188 | D:3      | Noticed Natasha
  3196 | D:3      | Killed Natasha
  3201 | D:3      | Noticed Natasha
  3207 | D:3      | Killed Natasha
  3424 | D:4      | Reached XP level 7. HP: 40/40 MP: 7/7
  3529 | D:4      | Found a sacrificial altar of Ru.
  3549 | D:4      | Reached skill level 8 in Unarmed Combat
  3986 | D:5      | Entered Level 5 of the Dungeon
  4041 | D:5      | Noticed Pikel
  4068 | D:5      | Slain by Pikel

Illustrated notes

Levels and vault maps discovered:
D:1:      dpeg_arrival_circle_labyrinth_c, layout_loops_ring, minivault_11,
          solitary_fountain
D:2:      minmay_door_path, layout_basic, makhleb_grotto_becter
D:3:      layout_loops_corners, lemuel_round_altar, fedhas_altar_3,
          grunt_decor_fettered, grunt_ministairs_5, minmay_hedge_maze,
          minmay_misc_feat_four_crosses, serial_park_tiny_1, uniq_natasha,
          uniq_sigmund
D:4:      layout_loops_ring, nicolae_ru_awakened_eye
D:5:      layout_loops_ring, uniq_pikel

Skill      XL: |  1  2  3  4  5  6  7 |
---------------+----------------------+-----
Unarmed Combat | 4 6 7 8 |  8.6
Fighting       | |  2.1
Throwing       | |  1.7
Dodging        | |  2.4

Action                   |  1- 3 |  4- 6 |  7- 9 || total
-------------------------+-------+-------+-------++-------
Melee: Unarmed           |   122 |   153 |   109 ||   384
       Punch             |     4 |     3 |     1 ||     8
Throw: Throwing net      |     1 |     1 |       ||     2
  Use: Scroll            |     7 |     4 |       ||    11
       Potion            |       |     1 |       ||     1
 Stab: Held in net/web   |     1 |     1 |       ||     2
Armor: Leather armour    |     8 |       |       ||     8
       Ring mail         |    35 |    12 |       ||    47
       Scale mail        |       |    44 |    39 ||    83
Dodge: Dodged            |    63 |    61 |    31 ||   155

Table legend: (Time is in decaauts)
 A = Elapsed time spent in this place.
 B = Non-inter-level travel time spent in this place.
 C = Inter-level travel time spent in this place.
 D = Time resting spent in this place.
 E = Time spent auto-exploring this place.
 F = Levels seen in this place.
 G = Mean time per level.
                   A        B        C        D        E       F      G
               +--------+--------+--------+--------+--------+-----+--------+
         Total |   4012 |   3656 |    356 |    544 |   2405 |   5 |  802.4 |
       Dungeon |   4012 |   3656 |    356 |    544 |   2405 |   5 |  802.4 |
               +--------+--------+--------+--------+--------+-----+--------+

Top non-repeatable levels by time:
     D:1: 1445 daAuts
     D:3: 1098 daAuts
     D:2: 784 daAuts
     D:4: 608 daAuts
     D:5: 76 daAuts
